 Dungeon Crawl Stone Soup version 0.30.1-9-gdf580d7c3d (webtiles) character file.

Game seed: 11281712496612177569

16499 ringo67 the Nimble (level 12, -13/79 HPs)
             Began as a Vampire Ice Elementalist on Sept 27, 2023.
             Was an Elder of Hepliaklqana.
             Mangled by a harpy simulacrum (20 damage)
             ... on level 1 of the Lair of Beasts on Sept 28, 2023.
             The game lasted 01:26:59 (11971 turns).

ringo67 the Nimble (Vampire Ice Elementalist)      Turns: 11971, Time: 01:26:59

Health: -13/79     AC: 16    Str: 13    XL:     12   Next: 10%
Magic:  1/22       EV: 17    Int: 21    God:    Hepliaklqana [****..]
Gold:   833        SH: 10    Dex: 16    Spells: 7/25 levels left

rFire   . . .        O - +2 trident (protect)
rCold   . . .        i - +0 buckler
rNeg    . . .        Q - +0 steam dragon scales
rPois   .            (no helmet)
rElec   .            y - +1 cloak
rCorr   .            r - +1 pair of gloves {infuse}
SInv    +            p - +1 pair of boots
Will    +....        I - amulet of reflection
Stlth   ++           k - +6 ring of strength
HPRegen 0.53/turn    M - +4 ring of protection
MPRegen 0.18/turn

%: reflection, infuse magic (1 MP)
@: healing quickly, studying Invocations
A: reduced essence, alive, fangs 3, see invisible, vampiric 2
a: Exsanguinate, Renounce Religion, Recall Ancestor, Ancestor Identity,
Transference, Idealise


You were on level 1 of the Lair of Beasts.
You worshipped Hepliaklqana.
Hepliaklqana was greatly pleased with you.
You visited 3 branches of the dungeon, and saw 13 of its levels.
You also visited: Bailey and Gauntlet.

You collected 833 gold pieces.

Inventory:

Hand Weapons
 n - a +2 vampiric trident
 H - the +3 dagger of Adatoq {freeze, Dex+4}
   (You found it on level 5 of the Dungeon)

   Dex:       It affects your dexterity (+4).
 O - a +2 trident of protection (weapon)
 R - a +2 halberd
Missiles
 s - 26 poisoned darts
 S - a throwing net
Armour
 i - a +0 buckler (worn)
 p - a +1 pair of boots (worn)
 r - a +1 pair of gloves of infusion (worn)
 y - a +1 cloak (worn)
 P - an orb of energy
 Q - +0 steam dragon scales (worn)
Jewellery
 h - a ring of flight
 k - a +6 ring of strength (left hand)
 B - a ring of positive energy
 F - the ring of Bevisun {rF+ rC+ Dex+2 Stlth+}
   (You acquired it in a bailey)

   [ring of protection from fire]

   Dex:       It affects your dexterity (+2).
   rF:        It protects you from fire.
   rC:        It protects you from cold.
   Stlth:     It makes you more stealthy.
 I - an amulet of reflection (around neck)
 K - a ring of willpower
 M - a +4 ring of protection (right hand)
Wands
 a - a wand of flame (48)
 u - a wand of roots (11)
 C - a wand of quicksilver (15)
 T - a wand of paralysis (6)
Scrolls
 c - 2 scrolls of poison
 d - 12 scrolls of teleportation
 f - 2 scrolls of identify
 g - a scroll of brand weapon {unknown}
 m - a scroll of torment {unknown}
 q - 2 scrolls of fog
 t - a scroll of enchant weapon
 v - 3 scrolls of enchant armour
 x - a scroll of blinking
 A - a scroll of magic mapping
 D - 4 scrolls of amnesia
Potions
 b - 3 potions of magic
 e - 4 potions of curing
 j - a potion of haste
 l - a potion of might {unknown}
 o - 3 potions of cancellation
 z - a potion of attraction {unknown}
 E - 5 potions of flight
 G - 2 potions of berserk rage
 J - 6 potions of mutation
 L - a potion of invisibility {unknown}
 N - a potion of heal wounds


   Skills:
 + Level 6.2 Fighting
 + Level 2.7 Polearms
 + Level 3.0 Armour
 - Level 10.1 Dodging
 - Level 3.0 Stealth
 - Level 4.0 Shields
 - Level 7.0 Spellcasting
 - Level 5.0 Hexes
 + Level 9.5 Summonings
 - Level 8.0 Ice Magic
 - Level 3.0 Air Magic
 - Level 4.0 Invocations


You had 7 spell levels left.
You knew the following spells:

 Your Spells              Type           Power      Damage    Failure   Level
a - Freeze                Ice            100%       1d10      1%          1
b - Frozen Ramparts       Ice            80%        1d13      1%          3
c - Summon Ice Beast      Ice/Summ       44%        N/A       3%          4
d - Mephitic Cloud        Conj/Pois/Air  11%        N/A       22%         3
e - Summon Mana Viper     Hex/Summ       37%        N/A       16%         5
f - Blink                 Tloc           14%        N/A       17%         2

Your spell library contained the following spells:

 Spells                   Type           Power      Damage    Failure   Level
 Ensorcelled Hibernation  Hex/Ice        68%        N/A       1%          2
 Ozocubu's Armour         Ice            40%        N/A       1%          3
 Hailstorm                Conj/Ice       24%        3d7       7%          3
 Poisonous Vapours        Pois/Air       26%        N/A       10%         2
 Beastly Appendage        Tmut           14%        N/A       12%         1
 Foxfire                  Conj/Fire      28%        2x1d5     12%         1
 Sandblast                Erth           14%        2d6       12%         1
 Dazzling Flash           Conj/Hex       34%        N/A       12%         3
 Cause Fear               Hex            14%        N/A       14%         4
 Lesser Beckoning         Tloc           14%        N/A       17%         2
 Momentum Strike          Conj/Tloc      14%        3d8       17%         2
 Passwall                 Tmut/Erth      5%         N/A       17%         2
 Sublimation of Blood     Necr           7%         N/A       17%         2
 Wereblood                Tmut           7%         N/A       17%         2
 Ice Form                 Ice/Tmut       24%        N/A       22%         4
 Metabolic Englaciation   Hex/Ice        17%        N/A       22%         5
 Spider Form              Tmut/Pois      7%         N/A       34%         3
 Stone Arrow              Conj/Erth      14%        3d7       34%         3
 Freezing Cloud           Conj/Ice/Air   11%        6-21      56%         5
 Manifold Assault         Tloc           7%         N/A       75%         4
 Petrify                  Tmut/Erth      7%         N/A       75%         4
 Fireball                 Conj/Fire      3%         3d4       97%         5
 Irradiate                Conj/Tmut      3%         3d12      97%         5
 Simulacrum               Ice/Necr       12%        N/A       98%         6
 Conjure Ball Lightning   Conj/Air       6%         3x3d6     100%        6
 Dispersal                Tloc           3%         N/A       100%        6
 Plasma Beam              Fire/Air       6%         2x1d18    100%        6
 Starburst                Conj/Fire      3%         6d3       100%        6
 Discord                  Hex            14%        N/A       100%        8
 Disjunction              Tloc           3%         N/A       100%        8
 Shatter                  Erth           3%         3d7*      100%        9


Dungeon Overview and Level Annotations

Branches:
Dungeon (11/15)            Temple (1/1) D:5            Lair (1/5) D:11
    Orc (0/2) D:10         Bailey (visited)         Gauntlet (visited)

Altars:
Ashenzari
Cheibriados
Dithmenos
Fedhas
Gozag
Hepliaklqana
Kikubaaqudgha
Makhleb
Nemelex Xobeh
Okawaru
Qazlal
Ru
Sif Muna
Trog
Uskayaw
Wu Jian
Xom
Yredelemnul

Shops:
D:2 !


Innate Abilities, Weirdness & Mutations

Your life essence is reduced to manifest your ancestor. (-10% HP)
Your natural rate of healing is accelerated.
You have razor-sharp teeth.
You have supernaturally acute eyesight. (SInv)
You are afflicted with vampirism and can become a bat while bloodless.


Message History

The harpy simulacrum claws you but does no damage.
You block the harpy simulacrum's attack.
You block the harpy simulacrum's attack. x2
You block the harpy simulacrum's attack.
The harpy simulacrum claws you. The harpy simulacrum freezes you!!
* * * LOW HITPOINT WARNING * * *
Something bites Frizzle.
Something claws Frizzle but does no damage.
Frizzle blocks something's attack.
As you read the scroll of fear, it crumbles to dust.
You assume a fearsome visage.
The harpy simulacrum is unaffected.
The cane toad simulacrum is unaffected.
The yak looks frightened!
The ice devil easily resists.
The yak looks frightened!
Your mana viper bites the yak!
The harpy simulacrum completely misses you.
The harpy simulacrum barely misses you. The yak closely misses your mana viper.
Blink to where?
Press: ? - help, Dir - move target, p - ice devil
As you read the scroll of blinking, it crumbles to dust.
There is an empty arch of ancient stone here.
The harpy simulacrum misses you. The harpy simulacrum barely misses you.
You block the harpy simulacrum's attack.
The harpy simulacrum closely misses you.
The harpy simulacrum closely misses you.
The harpy simulacrum claws you but does no damage.
The harpy simulacrum claws you but does no damage.
You block the harpy simulacrum's attack.
The harpy simulacrum completely misses you.
The harpy simulacrum closely misses you.
The harpy simulacrum claws you.
* * * LOW HITPOINT WARNING * * *
The harpy simulacrum freezes you!
* * * LOW HITPOINT WARNING * * *
The harpy simulacrum claws you but does no damage.
Casting: Summon Ice Beast (dangerous; 3% risk of failure)
Confirm with . or Enter, or press ? or * to list all spells.
A chill wind blows around you. The harpy simulacrum claws you.
* * * LOW HITPOINT WARNING * * *
The harpy simulacrum freezes you!!
You die...

*****#.#.............,,....
#..#.4..........,,,...
#...............,,*#..
###...∩.....##...#,**#..
*#........#####...### #..
#.######.## **#...###..
#,,* #Y# ##........ ****
#Z# ####.....#... #@#
#.#.....###.# ##.##
##.....## ###
#...###......# #
*##...##.#...## *#
#..###..##...# #. ##.*
######..# ## ##* #### #


You could see an ice devil, a harpy simulacrum (ally target) and a friendly ice
beast (summoned).

Vanquished Creatures
  3 death yaks (Gauntlet)
  A necromancer (Gauntlet)
  A cyclops (D:11)
  A smoke demon (Gauntlet)
  An unseen horror (D:11)
  An ice devil (Lair:1)
  A red devil (Gauntlet)
  4 trolls
  2 wraiths (D:11)
  4 yaks
  A wyvern (Lair:1)
  A steam dragon (D:8)
  3 water moccasins
  7 orc warriors
  2 sky beasts
  3 black bears
  An ogre (D:4)
  2 phantoms
  2 centaurs
  A kobold brigand (D:9)
  2 scorpions
  2 wights
  2 howler monkeys
  2 crimson imps (Gauntlet)
  5 hounds
  4 orc priests
  3 iguanas
  A sleepcap (D:7)
  Natasha (thrice) (D:3)
  10 orc wizards
  8 gnolls
  10 adders
  A shadow imp (D:6)
  A white imp (D:5)
  2 worms
  A dart slug (D:2)
  31 orcs
  6 ball pythons
  4 bats
  5 endoplasms
  5 giant cockroaches
  7 hobgoblins
  4 jackals (D:1)
  5 quokkas
  4 frilled lizards
  11 goblins
  10 kobolds
  5 rats
196 creatures vanquished.

Vanquished Creatures (collateral kills)
  Josephine (D:11)
  2 two-headed ogres
  A boulder beetle (D:11)
  A bog body (Lair:1)
  An orc sorcerer (Bailey)
  A rust devil (Gauntlet)
  A kobold demonologist (Bailey)
  An ice devil (Lair:1)
  A ynoxinul (Gauntlet)
  A shadow (D:10)
  A vampire (D:10)
  5 yaks
  2 wraiths (D:11)
  A wyvern (D:11)
  2 steam dragons
  A water moccasin (D:11)
  2 acid dragons (D:11)
  3 orc warriors (Bailey)
  A black bear (D:11)
  A wolf (Lair:1)
  A phantom (D:6)
  A kobold brigand (D:9)
  A gnoll sergeant (D:5)
  A scorpion (D:11)
  5 wights
  2 howler monkeys (D:7)
  A crimson imp (Gauntlet)
  2 orc priests (D:10)
  A hound (D:7)
  A gnoll bouda (D:11)
  2 iron imps (Gauntlet)
  5 orc wizards
  7 gnolls
  A white imp (D:7)
  15 orcs
  5 goblins
  3 hobgoblins (Bailey)
  3 kobolds (D:9)
87 creatures vanquished.

Vanquished Creatures (others)
  An orc wizard (D:8)
  5 knights
  2 ancestors (D:7)
8 creatures vanquished.

Grand Total: 291 creatures vanquished

Notes
Turn   | Place    | Note
-------+----------+-------------------------------------------
     0 | D:1      | ringo67 the Vampire Ice Elementalist began the quest for
                  | the Orb.
     0 | D:1      | Reached XP level 1. HP: 13/13 MP: 3/3
   271 | D:1      | Reached XP level 2. HP: 15/20 MP: 1/5
   857 | D:2      | Reached skill level 1 in Fighting
   857 | D:2      | Gained mutation: You are afflicted with vampirism and can
                  | become a bat while bloodless. [Vampire growth]
   857 | D:2      | Reached XP level 3. HP: 19/26 MP: 2/6
   928 | D:1      | Learned a level 3 spell: Frozen Ramparts
  1082 | D:2      | Reached skill level 3 in Dodging
  1281 | D:2      | Found Esyl's Distillery.
  1300 | D:2      | Reached XP level 4. HP: 32/32 MP: 4/8
  1386 | D:2      | Found a faded altar of an unknown god.
  1654 | D:2      | Found a blossoming altar of Fedhas.
  1975 | D:3      | You fall into a shaft and drop 1 floor!
  1976 | D:4      | Noticed an ogre
  2223 | D:3      | Noticed Natasha
  2230 | D:3      | Learned a level 4 spell: Summon Ice Beast
  2240 | D:3      | Killed Natasha
  2241 | D:3      | Reached XP level 5. HP: 34/37 MP: 3/9
  2439 | D:3      | Noticed Natasha
  2448 | D:3      | Killed Natasha
  2449 | D:3      | Reached skill level 1 in Summonings
  2449 | D:3      | Reached skill level 5 in Ice Magic
  2477 | D:3      | Noticed Natasha
  2488 | D:3      | Killed Natasha
  2566 | D:4      | Noticed a phantom
  2618 | D:3      | Killed a phantom
  2619 | D:3      | Reached XP level 6. HP: 24/43 MP: 0/11
  3104 | D:5      | Entered Level 5 of the Dungeon
  3227 | D:5      | Reached XP level 7. HP: 48/48 MP: 9/13
  3568 | D:5      | Found a staircase to the Ecumenical Temple.
  3597 | Temple   | Entered the Ecumenical Temple
  3663 | Temple   | Became a worshipper of Hepliaklqana the Forgotten
  3830 | D:5      | Found a stormy altar of Qazlal.
  3834 | D:5      | Found a broken altar of Ashenzari.
  3837 | D:5      | Found a snail-covered altar of Cheibriados.
  3926 | D:5      | Identified the +3 dagger of Adatoq {freeze, Dex+4}
  3937 | D:5      | Reached skill level 4 in Dodging
  4332 | D:5      | Reached XP level 8. HP: 31/57 MP: 1/14
  5144 | D:6      | Reached skill level 5 in Summonings
  5506 | D:6      | Reached skill level 5 in Dodging
  5678 | D:6      | Reached * piety under Hepliaklqana
  6438 | D:7      | Reached ** piety under Hepliaklqana
  6439 | D:7      | Remembered your ancestor Frizzle as a knight
  6824 | D:8      | Found a flagged portal.
  6872 | Bailey   | Entered a bailey
  6948 | Bailey   | Reached XP level 9. HP: 58/58 MP: 9/15
  6993 | Bailey   | Noticed a kobold demonologist
  7003 | Bailey   | Killed a kobold demonologist
  7004 | Bailey   | Reached skill level 6 in Dodging
  7004 | Bailey   | Reached skill level 1 in Shields
  7092 | Bailey   | Found an iron altar of Okawaru.
  7092 | Bailey   | Noticed an orc sorcerer
  7104 | Bailey   | Killed an orc sorcerer
  7105 | Bailey   | Reached skill level 1 in Armour
  7220 | Bailey   | Acquired the ring of Bevisun {rF+ rC+ Dex+2 Stlth+}
  7325 | Bailey   | Reached skill level 5 in Fighting
  7542 | D:8      | Reached skill level 1 in Polearms
  7569 | D:8      | Learned a level 3 spell: Mephitic Cloud
  8338 | D:9      | Reached skill level 1 in Air Magic
  8381 | D:9      | Reached XP level 10. HP: 63/68 MP: 14/16
  8677 | D:9      | Reached *** piety under Hepliaklqana
  8726 | D:9      | Acquired a +4 ring of protection
  8727 | D:9      | Acquired the Reference Book on Grounded Interference
  8735 | D:9      | Learned a level 5 spell: Summon Mana Viper
  9029 | D:9      | Reached skill level 1 in Hexes
  9126 | D:9      | Learned a level 2 spell: Blink
  9222 | D:10     | Entered Level 10 of the Dungeon
  9489 | D:10     | Found a staircase to the Orcish Mines.
  9588 | D:10     | Reached skill level 5 in Spellcasting
  9635 | D:10     | Noticed a two-headed ogre
  9640 | D:10     | Killed a two-headed ogre
  9647 | D:10     | Reached skill level 7 in Dodging
 10056 | D:10     | Reached **** piety under Hepliaklqana
 10114 | D:11     | Noticed a cyclops
 10122 | D:11     | Killed a cyclops
 10124 | D:11     | Reached XP level 11. HP: 72/72 MP: 12/20
 10334 | D:11     | Reached skill level 1 in Invocations
 10335 | D:11     | Reached skill level 8 in Dodging
 10429 | D:11     | Noticed a two-headed ogre
 10437 | D:11     | Killed a two-headed ogre
 10448 | D:11     | Found a staircase to the Lair.
 10485 | D:11     | Noticed Josephine
 10502 | D:11     | Killed Josephine
 10589 | D:11     | Noticed a boulder beetle
 10601 | D:11     | Killed a boulder beetle
 10724 | D:11     | Identified the +5 dagger of Ceph {drain, Dex+3}
 10820 | D:11     | Noticed a boulder beetle
 10852 | Lair:1   | Entered Level 1 of the Lair of Beasts
 10949 | Lair:1   | Found a gate leading to a gauntlet.
 10959 | Gauntlet | Entered a Gauntlet
 10959 | Gauntlet | Noticed a fire crab
 10959 | Gauntlet | Found a transporter.
 10959 | Gauntlet | Found a transporter.
 10959 | Gauntlet | Found a transporter.
 10970 | Gauntlet | Found a transporter.
 10973 | Gauntlet | Found a transporter.
 10973 | Gauntlet | Found a transporter.
 10975 | Gauntlet | Found a large runed translucent door.
 10977 | Gauntlet | Found a large runed translucent door.
 10978 | Gauntlet | Found a large runed translucent door.
 10978 | Gauntlet | Found a large runed translucent door.
 10978 | Gauntlet | Found a runed translucent door.
 10979 | Gauntlet | Found a large runed translucent door.
 10984 | Gauntlet | Found a large runed translucent door.
 10985 | Gauntlet | Found a large runed translucent door.
 10986 | Gauntlet | Found a large runed translucent door.
 10988 | Gauntlet | Found a runed translucent gate.
 10994 | Gauntlet | Found a transporter.
 10994 | Gauntlet | Found a transporter.
 10996 | Gauntlet | Noticed a necromancer
 10999 | Gauntlet | Noticed a green death
 11003 | Gauntlet | Noticed a death yak
 11005 | Gauntlet | Noticed a death yak
 11006 | Gauntlet | Noticed a death yak
 11012 | Gauntlet | Found a transporter.
 11112 | Gauntlet | Found a large runed translucent door.
 11113 | Gauntlet | Found a large runed translucent door.
 11114 | Gauntlet | Found a large runed translucent door.
 11114 | Gauntlet | Found a large runed translucent door.
 11114 | Gauntlet | Found a runed translucent door.
 11115 | Gauntlet | Found a large runed translucent door.
 11116 | Gauntlet | Found a large runed translucent door.
 11117 | Gauntlet | Found a large runed translucent door.
 11117 | Gauntlet | Found a large runed translucent door.
 11118 | Gauntlet | Found a runed translucent gate.
 11118 | Gauntlet | Found a runed translucent gate.
 11120 | Gauntlet | Found a transporter.
 11124 | Gauntlet | Found a transporter.
 11141 | Gauntlet | Found a transporter.
 11420 | Gauntlet | Reached skill level 5 in Hexes
 11423 | Gauntlet | Reached skill level 9 in Dodging
 11436 | Gauntlet | Identified the +0 ring mail "Suvel" {rC- Dex+3 Stlth+}
 11570 | Gauntlet | Killed a death yak
 11591 | Gauntlet | Killed a death yak
 11594 | Gauntlet | Killed a necromancer
 11595 | Gauntlet | Reached skill level 10 in Dodging
 11629 | Gauntlet | Killed a death yak
 11630 | Gauntlet | Reached XP level 12. HP: 52/79 MP: 2/22
 11748 | Gauntlet | Got the Grimoire of the Azure Inferno
 11795 | Gauntlet | Noticed a minotaur
 11971 | Lair:1   | Mangled by a harpy simulacrum

Illustrated notes

Levels and vault maps discovered:
D:1:      wander_arrival_lonely_grave, layout_basic
D:2:      layout_loops_cross, basic_altar, serial_shops,
          nicolae_shop_tiny_real_fake_doors, basic_ecumenical_altar,
          minmay_circle_x
D:3:      layout_rooms, uniq_natasha
D:4:      layout_rooms
D:5:      layout_cave_pools, grunt_temple_overflow_cloverleaf,
          minmay_temple_entry_slanted, hex_large, kennysheep_flooded_box,
          minmay_manual_mess
D:6:      layout_basic
D:7:      layout_basic
D:8:      layout_loops_ring, lightli_bailey_entry_fortress
D:9:      layout_gridville, kennysheep_generic_room_3
D:10:     layout_long_grid, minmay_orc_entry_temple_small
D:11:     layout_long_grid, due_lair_maze_entry_diamond,
          dreamdust_gnoll_shepherd, uniq_josephine
Temple:   nicolae_temple_two_arcs
Lair:1:   dreamdust_isle_of_ice, layout_layer_cave, gauntlet_entry_generic,
          pdpol_lair_cabin_in_the_woods, lemuel_fruit_tree

Skill      XL: |  1  2  3  4  5  6  7  8  9 10 11 12 |
---------------+-------------------------------------+-----
Fighting       | 1 2 4 5 6 |  6.2
Dodging        | 3 4 5 6 7 10 | 10.1
Spellcasting   | 3 4 6 7 |  7.0
Summonings     | 1 3 4 5 6 7 9 |  9.5
Ice Magic      | 5 6 7 8 |  8.0
Shields        | 3 4 |  4.0
Armour         | 2 3 |  3.0
Polearms       | 1 2 |  2.7
Air Magic      | 1 3 |  3.0
Hexes          | 4 5 |  5.0
Invocations    | 4 |  4.0
Stealth        | |  3.0

Action                     |  1- 3 |  4- 6 |  7- 9 | 10-12 || total
---------------------------+-------+-------+-------+-------++-------
  Melee: Whip              |    14 |       |       |       ||    14
         Bite              |     3 |     5 |     7 |     9 ||    24
         Short sword       |    13 |       |       |       ||    13
         Trident           |     3 |    81 |    52 |   170 ||   306
         Punch             |       |     1 |     1 |       ||     2
         Flail             |       |     1 |    12 |       ||    13
         Dagger            |       |       |    71 |       ||    71
   Cast: Freeze            |    35 |    13 |    13 |     2 ||    63
         Frozen Ramparts   |     5 |    20 |    44 |    29 ||    98
         Summon Ice Beast  |       |       |    16 |    34 ||    50
         Summon Mana Viper |       |       |       |     5 ||     5
 Invoke: Ancestor Life: Kn |       |       |     1 |       ||     1
         Ancestor Identity |       |       |     1 |       ||     1
  Evoke: Wand              |       |       |       |     5 ||     5
    Use: Potion            |       |       |     1 |       ||     1
         Scroll            |       |       |    10 |    13 ||    23
   Stab: Sleeping          |     3 |     6 |     4 |       ||    13
         Distracted        |       |       |     1 |     1 ||     2
 Armour: Robe              |     9 |     3 |       |       ||    12
         Leather armour    |       |    19 |    30 |       ||    49
         Steam dragon scal |       |       |       |    37 ||    37
  Dodge: Dodged            |    42 |    50 |   101 |    77 ||   270
  Block: Other             |       |       |     9 |       ||     9
         Buckler           |       |       |    12 |    67 ||    79
         Reflection        |       |       |     3 |     7 ||    10
